 Dungeon Crawl Stone Soup version 0.28.0-53-g5a82cb258f (webtiles) character file.

Game seed: 9289542024385963255

8528 Jerry the Basher (level 11, -12/97 HPs)
             Began as a Troll Hunter on June 22, 2022.
             Was an Initiate of Gozag.
             Mangled by Urug
             ... wielding a +3 double sword of holy wrath
              (39 damage)
             ... on level 10 of the Dungeon.
             The game lasted 00:32:20 (9076 turns).

Jerry the Basher (Troll Hunter)                     Turns: 9076, Time: 00:32:21

Health: -12/97     AC:  4    Str: 22    XL:     11   Next: 11%
Magic:  10/10      EV: 17    Int:  7    God:    Gozag
Gold:   953        SH:  0    Dex: 14    Spells: 10/10 levels left

rFire   . . .      SeeInvis .   p - +9 giant club "Pekhezog" {speed, +Blink Will- rCorr Stlth+}
rCold   . . .      Faith    .   (shield currently unavailable)
rNeg    . . .      Spirit   .   b - +0 robe
rPois   .          Reflect  .   k - +0 hat
rElec   .          Harm     .   (no cloak)
rCorr   +          Rampage  .   (gloves unavailable)
Will    .....                   (boots unavailable)
Stlth   +++.......              f - amulet of the acrobat
HPRegen 1.06/turn               a - +4 ring of slaying
MPRegen 0.12/turn               z - +4 ring of evasion

@: no status effects
A: large, unfitting armour, claws 3, regeneration 1, shaggy fur 1, tough skin 1
a: Renounce Religion, Evoke Blink, Potion Petition, Call Merchant, Bribe Branch


You were on level 10 of the Dungeon.
You worshipped Gozag.
Gozag was pleased with you.
You visited 2 branches of the dungeon, and saw 11 of its levels.

You collected 1070 gold pieces.
You paid 117 gold pieces to Gozag.

Inventory:

Hand Weapons
 p - the +9 giant club "Pekhezog" (weapon) {speed, +Blink Will- rCorr Stlth+}
   (You acquired it on level 4 of the Dungeon)

   Attacks with this weapon are significantly faster.
   +Blink:    It lets you blink.
   rCorr:     It protects you from acid and corrosion.
   Will:      It decreases your willpower.
   Stlth:     It makes you more stealthy.
 C - a +1 whip of flaming
Missiles
 c - 7 large rocks (quivered)
 d - 2 throwing nets
Armour
 b - a +0 robe (worn)
 k - a +0 hat (worn)
Jewellery
 a - a +4 ring of slaying (left claw)
 f - an amulet of the acrobat (around neck)
 w - a ring of flight
 x - a ring of protection from fire
 z - a +4 ring of evasion (right claw)
Wands
 v - a wand of digging (8)
 y - a wand of iceblast (5)
Scrolls
 e - a scroll of fear
 g - 4 scrolls of identify
 h - a scroll of amnesia
 m - a scroll of teleportation
 o - 2 scrolls of magic mapping
 u - 2 scrolls of blinking
Potions
 i - 3 potions of mutation
 j - 5 potions of curing
 l - 2 potions of brilliance
 n - 3 potions of heal wounds {unknown}
 q - 2 potions of attraction {unknown}
 r - a potion of haste {unknown}
 s - 2 potions of lignification {unknown}
 t - 2 potions of magic {unknown}
 B - a potion of cancellation {unknown}


   Skills:
 + Level 3.0 Fighting
 * Level 10.2 Maces & Flails
 + Level 8.5 Throwing
 + Level 7.2 Dodging
 - Level 2.9 Stealth
 - Level 1.1 Evocations


You had 10 spell levels left.
You didn't know any spells.
Your spell library contained the following spells:

 Spells                   Type           Power      Damage    Failure   Level
 Animate Skeleton         Necr           0%         N/A       43%         1
 Pain                     Necr           0%         1d4       43%         1
 Static Discharge         Conj/Air       0%         N/A       56%         2
 Call Canine Familiar     Summ           0%         N/A       80%         3
 Portal Projectile        Hex/Tloc       0%         N/A       80%         3
 Vampiric Draining        Necr           0%         2d6       80%         3
 Leda's Liquefaction      Hex/Erth       0%         N/A       99%         4
 Blade Hands              Tmut           0%         N/A       100%        5
 Excruciating Wounds      Necr           0%         N/A       100%        5
 Lightning Bolt           Conj/Air       0%         1d11      100%        5
 Maxwell's Capacitive Co  Air            0%         ∞         100%        8


Dungeon Overview and Level Annotations

Branches:
Dungeon (10/15)            Temple (1/1) D:7
   Lair: D:8-11         Orc: D:9-12

Altars:
Ashenzari
Cheibriados
Dithmenos
Elyvilon
Fedhas
Gozag
Hepliaklqana
Kikubaaqudgha
Makhleb
Nemelex Xobeh
Okawaru
Qazlal
Ru
Sif Muna
Trog
Uskayaw
Vehumet
Wu Jian
Xom
Yredelemnul
Zin
The Shining One

Shops:
D:5 (:

Annotations:
D:5 2 transporters, mutifu's ghost, amateur DDBe
D:9 2 transporters
D:10 Urug


Innate Abilities, Weirdness & Mutations

You are too large for most types of armour.
You have claws for hands.
Your natural rate of healing is unusually fast.
You are covered in fur. (AC +1)
You have tough skin. (AC +1)


Message History

Urug is lightly wounded.
You barely miss Urug.
Urug is lightly wounded.
Urug hits you with a +3 double sword of holy wrath!
You sock Urug!
Urug is lightly wounded.
Urug misses you.
You bludgeon Urug!!
Urug is moderately wounded.
You closely miss Urug.
Urug is moderately wounded.
Urug closely misses you.
You hit Urug but do no damage.
Urug is moderately wounded.
Urug barely misses you.
You bludgeon Urug!!
Urug is severely wounded.
Urug hits you with a +3 double sword of holy wrath!!
You hit Urug.
Urug is severely wounded.
You barely miss Urug.
Urug is severely wounded.
Urug hits you with a +3 double sword of holy wrath!!
You sock Urug!
Urug is severely wounded.
Urug closely misses you.
You closely miss Urug.
Urug is severely wounded.
You closely miss Urug.
Urug is severely wounded.
Urug completely misses you.
You barely miss Urug.
Urug is severely wounded.
Urug hits you with a +3 double sword of holy wrath!!
* * * LOW HITPOINT WARNING * * *
You barely miss Urug.
Urug is severely wounded.
Urug hits you with a +3 double sword of holy wrath!!!
You die...
Your body crumbles into a pile of gold.

######...# .......
#...##...# #..$.....
##...##...########........
.......................)..
..........................
..........................
..................(.......
.....>..................{.
................@o(.......
..........................
..........................
.>.....Y..................
...#######....##.....$....
...# #.... #..........
#### ##... ###........ ###
#........


You could see Urug.

Vanquished Creatures
  A centaur warrior (D:9)
  Pikel (D:9)
  A cyclops (D:8)
  Psyche (D:9)
  A tarantella (shapeshifter) (D:10)
  A wyvern (D:6)
  12 yaks
  A shadow (D:9)
  An acid dragon (D:9)
  3 orc warriors
  An ice beast (D:7)
  A sky beast (D:5)
  A black bear (D:7)
  2 ogres (D:5)
  4 necrophages
  5 centaurs
  A phantom (D:5)
  A lemure (D:9)
  4 scorpions
  A water moccasin skeleton (D:5)
  6 killer bees
  4 wights
  6 howler monkeys
  4 hounds
  A jelly (D:4)
  9 centaur zombies
  5 orc priests
  2 bullfrog skeletons
  A gnoll shaman (D:5)
  3 iguanas
  2 centaur skeletons (D:7)
  7 orc wizards
  A howler monkey zombie (D:6)
  Robin (D:2)
  10 adders
  5 gnolls
  A white imp (D:7)
  2 worms (D:2)
  4 dart slugs
  24 orcs
  9 ball pythons
  8 endoplasms
  3 giant cockroaches
  6 hobgoblins
  14 kobolds
  7 quokkas
  4 bats
  5 frilled lizards
  13 goblins
  4 rats
215 creatures vanquished.

Vanquished Creatures (others)
  4 plants (D:4)
4 creatures vanquished.

Grand Total: 219 creatures vanquished

Notes
Turn   | Place    | Note
-------+----------+-------------------------------------------
     0 | D:1      | Jerry the Troll Hunter began the quest for the Orb.
     0 | D:1      | Reached XP level 1. HP: 19/19 MP: 0/0
   124 | D:1      | Reached XP level 2. HP: 22/28 MP: 1/1
   273 | D:1      | Reached skill level 1 in Maces & Flails
   336 | D:1      | Reached XP level 3. HP: 27/35 MP: 2/2
   652 | D:2      | Reached XP level 4. HP: 42/42 MP: 3/3
   839 | D:2      | Reached skill level 2 in Maces & Flails
   867 | D:2      | Noticed Robin
   896 | D:2      | Killed Robin
  1790 | D:3      | Reached XP level 5. HP: 47/49 MP: 4/4
  2281 | D:3      | Found a shimmering altar of Xom.
  2684 | D:4      | Reached XP level 6. HP: 23/57 MP: 5/5
  2689 | D:4      | Reached skill level 3 in Maces & Flails
  2770 | D:4      | Reached skill level 5 in Throwing
  2792 | D:4      | Identified a scroll of acquirement
  2792 | D:4      | Acquired the +9 giant club "Pekhezog" {speed, +Blink Will-
                  | rCorr Stlth+}
  3238 | D:5      | Entered Level 5 of the Dungeon
  3284 | D:5      | Reached XP level 7. HP: 63/63 MP: 6/6
  3339 | D:5      | Reached skill level 4 in Maces & Flails
  3449 | D:5      | Reached skill level 5 in Maces & Flails
  3489 | D:5      | Reached XP level 8. HP: 45/71 MP: 7/7
  3539 | D:5      | Noticed a hornet
  3540 | D:5      | Noticed mutifu's ghost (amateur DDBe)
  3547 | D:5      | Found a transporter.
  3552 | D:5      | Found a transporter.
  3708 | D:5      | Found Cuag's Book Emporium.
  3739 | D:5      | Found Xeesh's Antique Weapon Emporium.
  3791 | D:5      | Reached skill level 6 in Maces & Flails
  4536 | D:6      | Reached skill level 5 in Dodging
  4609 | D:6      | Reached skill level 1 in Stealth
  5507 | D:7      | Found a staircase to the Ecumenical Temple.
  5874 | D:7      | Reached XP level 9. HP: 79/79 MP: 8/8
  5933 | D:7      | Reached skill level 7 in Maces & Flails
  6435 | Temple   | Entered the Ecumenical Temple
  6770 | Temple   | Became a worshipper of Gozag Ym Sagoz the Greedy
  7008 | D:8      | Noticed a cyclops
  7013 | D:8      | Reached skill level 8 in Maces & Flails
  7057 | D:8      | Killed a cyclops
  7407 | D:9      | Reached XP level 10. HP: 73/87 MP: 9/9
  7638 | D:9      | Reached skill level 9 in Maces & Flails
  7672 | D:9      | Found a transporter.
  7690 | D:9      | Found a transporter.
  7747 | D:9      | Noticed Pikel
  7756 | D:9      | Killed Pikel
  7969 | D:9      | Found a transporter.
  7977 | D:9      | Reached skill level 1 in Evocations
  8043 | D:9      | Found a transporter.
  8050 | D:9      | Found a transporter.
  8178 | D:9      | Found a transporter.
  8463 | D:10     | Entered Level 10 of the Dungeon
  8687 | D:10     | Found a broken altar of Ashenzari.
  8721 | D:10     | Noticed a centaur warrior
  8724 | D:10     | Noticed Psyche
  8782 | D:9      | Killed Psyche
  8783 | D:9      | Reached skill level 10 in Maces & Flails
  8862 | D:9      | Killed a centaur warrior
  8863 | D:9      | Reached XP level 11. HP: 12/96 MP: 10/10
  9009 | D:10     | Noticed Urug
  9076 | D:10     | Mangled by Urug

Illustrated notes

Levels and vault maps discovered:
D:1:      eino_arrival_tree_alley, layout_rooms
D:2:      layout_basic, serial_corexii_hall, corexii_hall_statues_t,
          corexii_hall_statues_l, uniq_robin
D:3:      layout_basic, xom_teletrap_fun
D:4:      layout_cave_pools, serial_bayou, serial_bayou_ford_a,
          serial_bayou_pond_d, serial_bayou_lake_a, serial_bayou_shore_b,
          serial_bayou_pond_e, serial_bayou_crossing
D:5:      layout_loops_ring, serial_shops, kennysheep_mini, shop,
          gammafunk_ghost_hive, kennysheep_small_square
D:6:      layout_layer_cave
D:7:      minmay_clustersquares, layout_cave_pods,
          minmay_temple_entry_antechambers
D:8:      layout_rooms, nicolae_figureground_sparkle
D:9:      layout_stronghold, serial_nicolae_subway, nicolae_sub_station_metal,
          nicolae_sub_station_stone, nicolae_sub_station_crystal, uniq_pikel
D:10:     lemuel_ice_statue, layout_cross, marbit_many_paths, uniq_psyche,
          uniq_urug
Temple:   mainiacjoe_temple_cubbyholes

Skill      XL: |  1  2  3  4  5  6  7  8  9 10 11 |
---------------+----------------------------------+-----
Dodging        | 2 3 4 5 6 7 |  7.2
Maces & Flails | 1 2 3 5 6 8 10 | 10.2
Throwing       | 4 5 6 7 8 |  8.5
Stealth        | 1 2 |  2.9
Evocations     | 1 |  1.1
Fighting       | 2 3 |  3.0

Action                   |  1- 3 |  4- 6 |  7- 9 | 10-12 || total
-------------------------+-------+-------+-------+-------++-------
Melee: Short sword       |    96 |       |       |       ||    96
       Whip              |    18 |   219 |       |       ||   237
       Punch             |       |     1 |       |       ||     1
       Giant club        |       |    15 |   201 |   146 ||   362
Throw: Large rock        |       |       |       |     1 ||     1
  Use: Scroll            |       |     8 |       |     7 ||    15
       Potion            |       |     1 |       |       ||     1
 Stab: Sleeping          |       |     4 |     5 |     3 ||    12
       Distracted        |       |     1 |     2 |     1 ||     4
Armor: Robe              |    40 |    63 |    49 |    31 ||   183
       Skin              |       |       |       |     1 ||     1
Dodge: Dodged            |    64 |   129 |   172 |   172 ||   537
